 Dungeon Crawl Stone Soup version 0.24-a0-244-ga6a6ab7 (webtiles) character file.

Game seed: 12097954696348970105

6633 Krakonus1 the Nimble (level 11, -30/87 HPs)
             Began as a Gnoll Monk on Apr 10, 2019.
             Was a Priest of Okawaru.
             Killed from afar by a fire dragon (49 damage)
             ... with a blast of flame
             ... on level 1 of the Lair of Beasts.
             The game lasted 00:47:18 (10419 turns).

Krakonus1 the Nimble (Gnoll Monk)                  Turns: 10419, Time: 00:47:19

Health: -30/87     AC: 13    Str: 17    XL:     11   Next: 2%
Magic:  19/19      EV: 12    Int: 15    God:    Okawaru [***...]
Gold:   538        SH:  0    Dex: 17    Spells: 3/21 levels left

rFire    . . .     SeeInvis .   b - +5 dire flail
rCold    + . .     Gourm    .   (shield currently unavailable)
rNeg     . . .     Faith    .   p - +2 chain mail {rPois}
rPois    +         Spirit   .   (no helmet)
rElec    .         Reflect  .   s - +0 cloak
rCorr    .         Harm     .   (no gloves)
MR       .....                  (no boots)
Stlth    +.........             (no amulet)
HPRegen  0.24/turn              h - +2 ring of intelligence
MPRegen  0.16/turn              j - ring of protection from cold

@: no status effects
A: distributed training, fangs 1, strong nose
a: Heroism, Renounce Religion


You were on level 1 of the Lair of Beasts.
You worshipped Okawaru.
Okawaru was most pleased with you.
You were not hungry.

You visited 4 branches of the dungeon, and saw 12 of its levels.
You visited the Abyss 1 time.

You collected 538 gold pieces.

Inventory:

Hand Weapons
 b - a +5 dire flail (weapon)
 F - a +3 battleaxe of freezing
 P - a +6 falchion of holy wrath
 S - a +3 halberd
 U - a +0 shortbow
 W - a +2 spear of piercing
Missiles
 d - 3 needles of sleeping
 e - 293 stones (quivered)
 n - 55 bolts
 r - 122 arrows
 u - 11 poisoned needles
 w - 63 sling bullets
 R - 4 throwing nets
 Z - 2 tomahawks
Armour
 p - a +2 chain mail of poison resistance (worn)
 s - a +0 cloak (worn)
 v - a +0 buckler
 H - a +4 plate armour
 L - a +3 leather armour of fire resistance
 Q - the +1 robe "Qiogoima" {*Corrode rF+ Int+4 Stlth+}
   (You found it on level 7 of the Dungeon)

   It affects your intelligence (+4).
   It protects you from fire.
   It may corrode you when you take damage.
   It makes you more stealthy.
Jewellery
 h - a +2 ring of intelligence (left hand)
 j - a ring of protection from cold (right hand)
Wands
 a - a wand of enslavement (8)
 C - a wand of paralysis (6)
 E - a wand of polymorph (15)
 K - a wand of digging (4)
Scrolls
 g - 2 scrolls of amnesia
 k - 2 scrolls of remove curse
 x - 2 scrolls of immolation
 y - a scroll of teleportation
 A - 2 scrolls of enchant weapon
 Y - a scroll of identify
Potions
 i - a potion of lignification
 q - a potion of agility
 t - a potion of might
 z - 2 potions of brilliance {unknown}
 G - 5 potions of heal wounds
 M - 2 potions of invisibility {unknown}
 N - 2 potions of curing
Comestibles
 c - 23 rations


   Skills:
 + Level 8.8 Fighting
 + Level 5.7 Short Blades
 + Level 8.8 Long Blades
 + Level 5.7 Axes
 + Level 5.7 Maces & Flails
 + Level 5.7 Polearms
 + Level 5.7 Staves
 + Level 5.7 Slings
 + Level 5.7 Bows
 + Level 5.7 Crossbows
 + Level 5.7 Throwing
 + Level 5.7 Armour
 + Level 8.8 Dodging
 + Level 7.2 Stealth
 + Level 5.7 Shields
 + Level 5.7 Unarmed Combat
 + Level 5.7 Spellcasting
 + Level 4.7 Conjurations
 + Level 4.7 Hexes
 + Level 4.7 Charms
 + Level 4.7 Summonings
 + Level 4.7 Necromancy
 + Level 4.7 Translocations
 + Level 4.7 Transmutations
 + Level 4.7 Fire Magic
 + Level 4.7 Ice Magic
 + Level 4.7 Air Magic
 + Level 4.7 Earth Magic
 + Level 4.7 Poison Magic
 + Level 6.3 Invocations
 + Level 5.7 Evocations


You had 3 spell levels left.
You knew the following spells:

 Your Spells              Type           Power        Failure   Level  Hunger
a - Confusing Touch       Hex            ###...       26%         1    None
b - Sting                 Conj/Pois      ###.         26%         1    None
c - Poisonous Vapours     Pois/Air       ###...       38%         2    #......
d - Slow                  Hex            ###.....     38%         2    #......
e - Confuse               Hex            ###.....     63%         3    ###....
f - Gell's Gravitas       Tloc           ###.......   63%         3    ###....
g - Mephitic Cloud        Conj/Pois/Air  ###.....     63%         3    ###....
h - Tukima's Dance        Hex            ###.....     63%         3    ###....

Your spell library contained the following spells:

 Spells                   Type           Power        Failure   Level  Hunger
 Cause Fear               Hex            ###.......   95%         4    ####...
 Ice Form                 Ice/Tmut       ###.....     95%         4    ####...
 Olgreb's Toxic Radiance  Pois           ###.....     95%         4    ####...
 Petrify                  Tmut/Erth      ###.....     95%         4    ####...
 Metabolic Englaciation   Hex/Ice        ###.......   100%        5    ######.
 Venom Bolt               Conj/Pois      ###.......   100%        5    ######.
 Yara's Violent Unravell  Hex/Tmut       ###.......   100%        5    ######.
 Dragon Form              Tmut           ###.......   100%        7    #######


Dungeon Overview and Level Annotations

Branches:
Dungeon (9/15)             Temple (1/1) D:5            Lair (1/6) D:9
    Orc (1/2) D:9

Altars:
Ashenzari
Cheibriados
Dithmenos
Elyvilon
Fedhas
Gozag
Hepliaklqana
Kikubaaqudgha
Makhleb
Nemelex Xobeh
Okawaru
Qazlal
Ru
Sif Muna
Trog
Uskayaw
Vehumet
Wu Jian
Xom
Yredelemnul
Zin
The Shining One

Portals:
Gauntlet: Lair:1

Annotations:
Lair:1 3 runed translucent doors, exclusion: oklob plant, BoldlyKoingNowhere's ghost, journeyman KoHu


Innate Abilities, Weirdness & Mutations

Your experience applies equally to all skills.
You have very sharp teeth.
Your uncanny sense of smell can sniff out nearby items.


Message History

Found a stone staircase leading down.
You hear the loud beating of a drum nearby.
Found a potion of flight.
Found a gate leading to a gauntlet.
Found a scroll labeled JUSUIR XELLOQ and a sharpened wooden wand.
Drop what? 45/52 slots (_ for help) (? for menu, Esc to quit)
You drop a +2 dagger of distortion.
You drop a +2 flail of protection.
You drop an uncursed ring of poison resistance.
You drop a +0 robe of cold resistance.
You drop a +1 whip of distortion.
The fire dragon breathes flames at you.
You stop dropping stuff.
The blast of flame hits you!!
* * * LOW HITPOINT WARNING * * *
There is a gate leading to a gauntlet here.
Beware, the minotaur awaits!
The fire dragon breathes flames at you. The blast of flame hits you!!!
Ouch! That really hurt!
You die...

................##...........####
........###....##......#.##....##
.##.....# .....##....#.........#.
.#.##...........)....#####......#
.## ###.#P....#.##.....#.#.......
## .....P.### ####..>.........
##.P.#.### ####........ ...#
##.######..#....##.. ##..
##.@D)#.#..D...####.
#..!......##...# #..
.........#.#######.##..
..#.#......## ###.. ..?......##
#.# .#./..#P.## ### ...#.####
.....


You could see a fire dragon.

Vanquished Creatures
  A two-headed ogre (D:9)
  The ghost of xfalz the Stinger, a novice DrVM of Ashenzari (D:5)
  A komodo dragon (Lair:1)
  Prince Ribbit (D:8)
  A hornet (D:8)
  Sigmund (D:2)
  Eustachio (D:5)
  A basilisk (Lair:1)
  2 hungry ghosts (D:9)
  A warg (D:5)
  A water moccasin (D:9)
  2 sky beasts
  2 ice beasts
  A phantom (D:7)
  An eye of draining (D:9)
  5 ogres
  2 centaurs
  2 big kobolds
  5 bullfrogs
  3 gnoll sergeants
  Dowan (D:5)
  2 scorpions
  A water moccasin skeleton (D:4)
  3 killer bees (D:9)
  5 wights (D:4)
  6 howler monkeys
  3 crimson imps
  A quasit (D:6)
  A centaur zombie (D:7)
  2 jellies
  6 hounds
  4 orc priests
  4 bullfrog skeletons
  Jessica (D:2)
  2 iguanas
  5 orc wizards
  4 worker ants
  10 adders
  20 gnolls
  An ooze (D:4)
  5 adder skeletons
  An adder zombie (D:7)
  2 worms
  4 dart slugs
  7 leopard geckos
  40 orcs
  5 ball pythons
  5 giant cockroaches
  7 goblins
  9 hobgoblins
  15 jackals
  2 quokkas (D:2)
  6 bats
  10 frilled lizards
  3 goblin skeletons (D:6)
  A goblin zombie (D:6)
  A hobgoblin zombie (D:6)
  2 jackal zombies
  19 kobolds
  A kobold zombie (D:6)
  A leopard gecko skeleton (D:6)
  3 orc skeletons (D:6)
  An orc zombie (D:6)
  A quokka skeleton (D:5)
  A quokka zombie (D:8)
  4 rats
  6 plants
279 creatures vanquished.

Notes
Turn   | Place    | Note
-------+----------+-------------------------------------------
     0 | D:1      | Krakonus1 the Gnoll Monk began the quest for the Orb.
     0 | D:1      | Reached XP level 1. HP: 23/23 MP: 1/1
   115 | D:1      | Reached XP level 2. HP: 24/29 MP: 2/2
   335 | D:1      | Reached XP level 3. HP: 35/35 MP: 3/3
   689 | D:2      | Noticed Sigmund
   706 | D:2      | HP: 2/35 [something (9)]
   709 | D:2      | Killed Sigmund
   709 | D:2      | Reached skill level 1 in Short Blades
   709 | D:2      | Reached skill level 1 in Axes
   709 | D:2      | Reached skill level 1 in Maces & Flails
   709 | D:2      | Reached skill level 1 in Polearms
   709 | D:2      | Reached skill level 1 in Staves
   709 | D:2      | Reached skill level 1 in Slings
   709 | D:2      | Reached skill level 1 in Bows
   709 | D:2      | Reached skill level 1 in Crossbows
   709 | D:2      | Reached skill level 1 in Throwing
   709 | D:2      | Reached skill level 1 in Armour
   709 | D:2      | Reached skill level 1 in Shields
   709 | D:2      | Reached skill level 1 in Unarmed Combat
   709 | D:2      | Reached skill level 1 in Spellcasting
   709 | D:2      | Reached skill level 1 in Conjurations
   709 | D:2      | Reached skill level 1 in Hexes
   709 | D:2      | Reached skill level 1 in Charms
   709 | D:2      | Reached skill level 1 in Summonings
   709 | D:2      | Reached skill level 1 in Necromancy
   709 | D:2      | Reached skill level 1 in Translocations
   709 | D:2      | Reached skill level 1 in Transmutations
   709 | D:2      | Reached skill level 1 in Fire Magic
   709 | D:2      | Reached skill level 1 in Ice Magic
   709 | D:2      | Reached skill level 1 in Air Magic
   709 | D:2      | Reached skill level 1 in Earth Magic
   709 | D:2      | Reached skill level 1 in Poison Magic
   709 | D:2      | Reached skill level 1 in Invocations
   709 | D:2      | Reached skill level 1 in Evocations
   709 | D:2      | Reached XP level 4. HP: 3/41 MP: 3/6
   709 | D:2      | Reached XP level 5. HP: 4/47 MP: 3/7
  1320 | D:2      | Noticed Jessica
  1366 | D:2      | Killed Jessica
  1366 | D:2      | Reached XP level 6. HP: 50/53 MP: 8/8
  1687 | D:3      | Noticed a hungry ghost
  1841 | D:3      | Found an ancient bone altar of Kikubaaqudgha.
  2340 | D:3      | Found a blossoming altar of Fedhas.
  3123 | D:4      | Reached XP level 7. HP: 44/59 MP: 10/10
  3604 | D:4      | Reached skill level 5 in Stealth
  3736 | D:4      | Reached XP level 8. HP: 46/67 MP: 12/12
  4180 | D:5      | Entered Level 5 of the Dungeon
  4227 | D:5      | Noticed Duvessa
  4227 | D:5      | Noticed Dowan
  4230 | D:5      | Noticed Duvessa
  4230 | D:5      | Duvessa changed into Duvessa the warg
  4239 | D:5      | Killed Duvessa the warg
  4244 | D:5      | Killed Dowan
  4694 | D:5      | Found a staircase to the Ecumenical Temple.
  4701 | Temple   | Entered the Ecumenical Temple
  4971 | D:5      | Found a runed translucent gate.
  4972 | D:5      | Found a runed translucent gate.
  4973 | D:5      | Found a runed translucent gate.
  4977 | D:5      | Noticed xfalz's ghost (novice DrVM)
  5087 | D:5      | Found a deep blue altar of Sif Muna.
  5186 | D:5      | Noticed Eustachio
  5204 | D:5      | Killed Eustachio
  5204 | D:5      | Reached XP level 9. HP: 64/72 MP: 14/14
  5432 | D:5      | Found a burning altar of Makhleb.
  5526 | D:5      | Killed xfalz's ghost
  5759 | D:6      | Found a basalt altar of Yredelemnul.
  6054 | D:6      | Found a glowing golden altar of the Shining One.
  6600 | D:7      | Reached skill level 5 in Invocations
  6662 | D:7      | Cast into level 1 of the Abyss (kobold)
  6688 | D:7      | Escaped the Abyss
  6703 | D:7      | Got a brightly glowing robe
  6883 | D:7      | Found a blossoming altar of Fedhas.
  7208 | D:7      | Reached XP level 10. HP: 73/80 MP: 15/17
  7904 | D:8      | Noticed Prince Ribbit
  7999 | D:8      | Found a snail-covered altar of Cheibriados.
  8003 | D:8      | Reached skill level 5 in Short Blades
  8003 | D:8      | Reached skill level 5 in Axes
  8003 | D:8      | Reached skill level 5 in Maces & Flails
  8003 | D:8      | Reached skill level 5 in Polearms
  8003 | D:8      | Reached skill level 5 in Staves
  8003 | D:8      | Reached skill level 5 in Slings
  8003 | D:8      | Reached skill level 5 in Bows
  8003 | D:8      | Reached skill level 5 in Crossbows
  8003 | D:8      | Reached skill level 5 in Throwing
  8003 | D:8      | Reached skill level 5 in Armour
  8003 | D:8      | Reached skill level 5 in Shields
  8003 | D:8      | Reached skill level 5 in Unarmed Combat
  8003 | D:8      | Reached skill level 5 in Spellcasting
  8003 | D:8      | Reached skill level 5 in Evocations
  8169 | D:8      | Found a sparkling altar of Nemelex Xobeh.
  8306 | D:8      | Identified the +1 robe "Qiogoima" {*Corrode rF+ Int+4
                  | Stlth+} (You found it on level 7 of the Dungeon)
  8584 | D:8      | Found an iron altar of Okawaru.
  8587 | D:8      | Became a worshipper of Warmaster Okawaru
  8587 | D:8      | Reached * piety under Okawaru
  8587 | D:8      | Reached ** piety under Okawaru
  8749 | D:8      | Killed Prince Ribbit
  8779 | D:9      | Found a bloodstained altar of Trog.
  8939 | D:9      | Noticed a two-headed ogre
  9250 | D:9      | Found a staircase to the Orcish Mines.
  9262 | D:9      | Killed a two-headed ogre
  9262 | D:9      | Reached *** piety under Okawaru
  9278 | D:9      | Found a staircase to the Lair.
 10021 | D:9      | Identified Wuamopnu's Almanac of Enthralling Transformation
 10049 | D:9      | Learned a level 1 spell: Confusing Touch
 10051 | D:9      | Learned a level 1 spell: Sting
 10054 | D:9      | Learned a level 2 spell: Poisonous Vapours
 10057 | D:9      | Learned a level 2 spell: Slow
 10061 | D:9      | Learned a level 3 spell: Confuse
 10065 | D:9      | Learned a level 3 spell: Gell's Gravitas
 10069 | D:9      | Learned a level 3 spell: Mephitic Cloud
 10073 | D:9      | Learned a level 3 spell: Tukima's Dance
 10184 | Orc:1    | Entered Level 1 of the Orcish Mines
 10184 | Orc:1    | Noticed an orc knight
 10199 | Lair:1   | Entered Level 1 of the Lair of Beasts
 10231 | Lair:1   | Noticed a minotaur
 10233 | Lair:1   | Noticed BoldlyKoingNowhere's ghost (journeyman KoHu)
 10234 | Lair:1   | Noticed a four-headed hydra
 10248 | Lair:1   | Noticed an oklob plant
 10255 | Lair:1   | Found a runed translucent gate.
 10255 | Lair:1   | Found a runed translucent gate.
 10255 | Lair:1   | Found a runed translucent gate.
 10368 | Lair:1   | Reached XP level 11. HP: 68/87 MP: 19/19
 10369 | Lair:1   | Noticed a fire dragon
 10407 | Lair:1   | Found a gate leading to a gauntlet.
 10419 | Lair:1   | Killed from afar by a fire dragon

Levels and vault maps discovered:
D:1:      dpeg_arrival_line_fractal, layout_loops_ring,
          minmay_misc_feat_more_columns
D:2:      layout_basic, uniq_jessica, uniq_sigmund
D:3:      layout_loops_ring, overflow_temple_1_default, first_ration,
          serial_bayou_lagoon_a, serial_park_tiny_pond, minmay_liquid_box,
          fedhas_altar_fruit_tree
D:4:      layout_basic, minmay_bent
D:5:      layout_basic, lightli_temple_of_fire, led_sif_pool,
          minmay_temple_entry_junction_2, gammafunk_ghost_split, uniq_duvessa,
          uniq_eustachio
D:6:      layout_cave_pods, yredelemnul_altar_generic,
          nicolae_tso_besieged_by_evil
D:7:      layout_layer_cave, basic_altar
D:8:      layout_basic, kennysheep_mini, kennysheep_mini_moat,
          kennysheep_flooded_box, grunt_ogre_cave, uniq_prince_ribbit1
D:9:      minmay_weird_star, layout_basic, lair_entry_dummy, orc_0_dummy,
          basic_altar
Temple:   regret_index_temple_generic_petals
Lair:1:   dragon1_lemuel, layout_misc_corridors, gauntlet_entry_generic,
          maelrawn_ghost_gauntlet_escape, serial_forest,
          infiniplex_forest_straight_4, infiniplex_forest_clump_diagonal,
          infiniplex_forest_straight_5, infiniplex_forest_fountain,
          minmay_lair_oklob_chamber
Orc:1:    layout_caves, serial_shops, nicolae_shop_trees, uniq_erolcha
Abyss:1

Skill      XL: |  1  2  3  4  5  6  7  8  9 10 |
---------------+-------------------------------+-----
Short Blades   | 1 2 3 4 5 |  5.7
Axes           | 1 2 3 4 5 |  5.7
Maces & Flails | 1 2 3 4 5 |  5.7
Polearms       | 1 2 3 4 5 |  5.7
Staves         | 1 2 3 4 5 |  5.7
Slings         | 1 2 3 4 5 |  5.7
Bows           | 1 2 3 4 5 |  5.7
Crossbows      | 1 2 3 4 5 |  5.7
Throwing       | 1 2 3 4 5 |  5.7
Armour         | 1 2 3 4 5 |  5.7
Shields        | 1 2 3 4 5 |  5.7
Unarmed Combat | 1 2 3 4 5 |  5.7
Spellcasting   | 1 2 3 4 5 |  5.7
Conjurations   | 1 2 3 4 |  4.7
Hexes          | 1 2 3 4 |  4.7
Charms         | 1 2 3 4 |  4.7
Summonings     | 1 2 3 4 |  4.7
Necromancy     | 1 2 3 4 |  4.7
Translocations | 1 2 3 4 |  4.7
Transmutations | 1 2 3 4 |  4.7
Fire Magic     | 1 2 3 4 |  4.7
Ice Magic      | 1 2 3 4 |  4.7
Air Magic      | 1 2 3 4 |  4.7
Earth Magic    | 1 2 3 4 |  4.7
Poison Magic   | 1 2 3 4 |  4.7
Invocations    | 1 2 3 4 5 6 |  6.3
Evocations     | 1 2 3 4 5 |  5.7
Fighting       | 7 8 |  8.8
Long Blades    | 7 8 |  8.8
Dodging        | 7 8 |  8.8
Stealth        | 5 6 7 |  7.2

Action                   |  1- 3 |  4- 6 |  7- 9 | 10-12 || total
-------------------------+-------+-------+-------+-------++-------
Melee: Falchion          |    68 |   391 |   118 |   312 ||   889
       Bite              |     8 |    57 |    42 |    37 ||   144
       Punch             |       |     5 |     2 |     3 ||    10
       Dire flail        |       |       |   271 |    10 ||   281
       Unarmed           |       |       |       |     7 ||     7
       Battleaxe         |       |       |       |     6 ||     6
 Fire: Shortbow          |       |       |       |    15 ||    15
Throw: Stone             |       |       |     6 |    42 ||    48
Invok: Heroism           |       |       |       |     2 ||     2
Evoke: Wand              |       |       |     3 |     1 ||     4
  Use: Scroll            |       |     1 |    17 |     4 ||    22
       Potion            |       |       |     6 |     1 ||     7
 Stab: Sleeping          |     8 |    10 |       |       ||    18
       Paralysed         |       |       |       |     6 ||     6
       Distracted        |       |       |       |     1 ||     1
  Eat: Chunk             |       |     6 |     8 |     8 ||    22
       Ration            |       |     1 |     1 |     2 ||     4
Armor: Robe              |     7 |     1 |       |       ||     8
       Chain mail        |     3 |    68 |    24 |     2 ||    97
       Skin              |       |       |    87 |       ||    87
       Plate armour      |       |       |   226 |   121 ||   347
Dodge: Dodged            |    42 |   154 |   185 |   110 ||   491
Block: Buckler           |       |       |       |    53 ||    53
       Rpst.: Falchion   |    11 |    44 |     7 |    32 ||    94

Table legend:
 A = Non-vault XP
 B = Vault XP
 C = Vault XP percentage of total XP
 D = Non-vault monster count
 E = Vault monster count
 F = Vault count percentage of total count
                 A         B        C        D         E       F
            +---------+---------+-------+---------+---------+-------
      Total |    7464 |    2012 |  21.2 |     248 |      25 |   9.2
            +---------+---------+-------+---------+---------+-------
        D:1 |      42 |       0 |   0.0 |      24 |       0 |   0.0
        D:2 |      88 |     245 |  73.6 |      24 |       2 |   7.7
        D:3 |     204 |       0 |   0.0 |      37 |       0 |   0.0
        D:4 |     564 |     214 |  27.5 |      16 |       4 |  20.0
        D:5 |     601 |    1081 |  64.3 |      25 |       6 |  19.4
        D:6 |     790 |      55 |   6.5 |      18 |      11 |  37.9
        D:7 |     777 |       0 |   0.0 |      22 |       0 |   0.0
        D:8 |    1462 |     417 |  22.2 |      39 |       2 |   4.9
        D:9 |    2376 |       0 |   0.0 |      41 |       0 |   0.0
     Lair:1 |     560 |       0 |   0.0 |       2 |       0 |   0.0
            +---------+---------+-------+---------+---------+-------
